Map: Wolfe Industries Compound

Players

TheBurnsBus

  • Race: Terran Terran
  • Spawn Location: 7:00

Manta

  • Race: Zerg Zerg
  • League: Silver
  • Spawn Location: 7:00

Comandante - Winner!

  • Race: Terran Terran
  • Spawn Location: 3:00

totoman - Winner!

  • Race: Terran Terran
  • Spawn Location: 12:00

VOD

Have the link to the VOD?

Description

Time

  • Played on: Feb. 19, 2016, 7:02 p.m.
  • Length: 13:07
Show
View Real Time Build Order
Export as new Build Order

TheBurnsBus Terran 

Build Orders: MMM Bio 

Get SALT Encoding   

  12  0:01  SCV  
  13  0:14  SCV  
  14  0:21  Supply Depot  
  14  0:26  SCV  
  15  0:43  SCV  
  15  0:44  Barracks  
  16  0:54  Refinery  
  16  0:55  SCV  
  17  1:07  SCV  
  17  1:08  Supply Depot  
  18  1:19  SCV  
  19  1:31  SCV  
  20  1:42  Refinery  
  20  1:47  Barracks Reactor, Barracks  
  20  1:53  Orbital Command  
  20  2:22  SCV  
  21  2:29  Barracks  
  21  2:31  Marine x2  
  21  2:36  Barracks Tech Lab  
  23  2:39  SCV  
  24  2:45  Factory  
  24  2:51  SCV  
  25  3:00  Marine x2  
  25  3:01  Marine  
  25  3:03  SCV  
  25  3:04  Stimpack  
  29  3:16  SCV  
  29  3:17  Barracks Reactor  
  29  3:19  Marine  
  31  3:22  Supply Depot  
  31  3:29  Marine x2, SCV  
  34  3:37  Marine  
  34  3:39  Factory Tech Lab  
  35  3:41  Starport  
  35  3:46  SCV  
  35  3:47  Marine x2  
  38  3:49  Supply Depot  
  38  3:57  Engineering Bay  
  38  3:58  SCV  
  38  4:00  Siege Tank  
  42  4:21  Marine  
  42  4:22  Marine x3  
  42  4:23  Marine  
  47  4:28  Terran Infantry Weapons Level 1  
  47  4:32  Starport Reactor  
  47  4:35  Supply Depot  
  47  4:46  Siege Tank  
  50  5:04  Combat Shields  
  50  5:08  Command Center  
  50  5:11  SCV  
  51  5:16  Supply Depot  
  51  5:32  Siege Tank  
  51  5:34  Medivac  
  56  5:37  SCV  
  57  6:04  Command Center  
  57  6:34  Refinery  
  57  6:36  Refinery  
  57  6:39  Marine x4  
  61  6:40  Marine  
  61  6:44  Medivac x2  
  66  6:48  Siege Tank  
  69  6:56  Orbital Command  
  69  7:02  SCV  
  70  7:13  Terran Infantry Armor Level 1  
  70  7:14  SCV  
  71  7:25  Marine x3  
  74  7:53  Liberator x2  
  80  8:13  Command Center, Marine x2  
  80  8:14  Marine x3  
  85  8:31  Supply Depot, Marine  
  86  8:38  Barracks  
  86  8:39  Barracks  
  86  8:40  Barracks  
  86  8:52  Marine x4  
  75  9:17  Marine x3  
  78  9:28  Barracks Reactor  
  78  9:32  Barracks Reactor  
  78  9:33  Liberator x2  
  78  9:37  Armory  
  78  9:38  Barracks Reactor  
  78  9:43  SCV x2  
  86  9:55  SCV x2  
  88  10:07  SCV  
  88  10:08  SCV  
  90  10:16  Liberator x2  
  90  10:17  Marine x4  
  90  10:19  Marine x2  
  90  10:20  Marine x3  
  99  10:21  Marine  
  100  10:32  SCV x2  
  100  10:34  Orbital Command, Refinery  
  108  10:44  Refinery, SCV  
  109  11:01  SCV  
  107  11:15  Supply Depot  
  107  11:20  Liberator x2  
  69  11:57  Marine x11  
  62  12:14  Marine  
  62  12:15  Marine x7  
  65  12:17  Marine  
  38  12:32  Marine  
  38  12:33  Marine x3  
  38  12:36  Marine x2  
  41  12:49  Factory  
Show
View Real Time Build Order
Export as new Build Order

Manta Zerg 

Build Orders: 3 Hatch before Pool 

Get SALT Encoding   

  12  0:03  Drone  
  13  0:39  Hatchery  
  12  1:14  Hatchery  
  12  1:17  Drone x2  
  13  1:19  Drone  
  14  1:42  Spawning Pool, Extractor  
  14  1:43  Drone  
  13  1:58  Drone  
  13  1:59  Drone  
  13  2:00  Drone  
  16  2:05  Drone x2  
  18  2:13  Overlord  
  18  2:29  Zergling x6  
  21  2:45  Drone x2  
  21  2:46  Queen  
  25  3:05  Overlord  
  25  3:11  Zergling x2  
  26  3:17  Overlord  
  26  3:21  Zergling x2, Extractor  
  26  3:23  Queen x2  
  30  3:31  Zergling x6  
  30  3:34  Drone  
  34  3:40  Metabolic Boost  
  34  4:04  Drone x8  
  42  4:15  Lair  
  42  4:36  Overlord x2  
  42  4:37  Overlord  
  42  4:56  Drone  
  42  4:57  Drone x12  
  55  5:07  Extractor  
  55  5:12  Extractor  
  55  5:13  Drone  
  55  5:14  Drone x5, Extractor  
  58  5:22  Spire  
  58  5:23  Drone  
  58  5:24  Drone  
  59  5:38  Drone x4  
  63  5:49  Hatchery  
  62  5:51  Overlord x4  
  62  6:02  Drone x4  
  67  6:12  Hatchery  
  66  6:24  Drone  
  66  6:25  Drone x2  
  70  6:28  Queen  
  70  6:31  Hatchery  
  71  6:37  Drone x3, Hatchery  
  73  6:40  Drone, Extractor  
  73  6:46  Mutalisk  
  73  6:47  Mutalisk x3  
  81  7:27  Queen  
  83  7:32  Mutalisk  
  83  7:33  Mutalisk x6  
  83  7:35  Overlord x2  
  83  7:36  Overlord x5  
  97  7:42  Hatchery, Queen  
  97  7:43  Queen  
  100  7:45  Drone x3  
  100  7:46  Drone  
  100  7:48  Drone  
  100  7:49  Drone x2  
  107  7:54  Mutalisk x3  
  107  7:55  Mutalisk x5  
  107  7:58  Zerg Flyer Armor Level 1  
  123  8:06  Spire  
  122  8:21  Hatchery  
  121  8:29  Zergling x8, Mutalisk  
  121  8:30  Zergling x4, Mutalisk x3  
  121  8:31  Zergling x10  
  140  8:39  Evolution Chamber  
  140  8:40  Drone x3  
  140  8:41  Drone  
  143  8:43  Evolution Chamber  
  142  8:49  Extractor  
  142  8:50  Drone x4  
  142  8:51  Drone, Extractor  
  145  9:07  Zergling x2  
  145  9:08  Zergling x8, Mutalisk x6  
  162  9:12  Overlord  
  162  9:13  Overlord x2  
  162  9:45  Queen  
  164  9:46  Mutalisk  
  164  9:47  Mutalisk x2  
  164  9:48  Zergling x10  
  164  9:50  Zerg Ground Armor Level 1  
  164  9:51  Zerg Melee Weapons Level 1  
  175  9:57  Zerg Flyer Armor Level 2  
  175  9:59  Zerg Flyer Weapons Level 1  
  175  10:03  Infestation Pit  
  174  10:36  Hatchery  
  171  10:56  Mutalisk x10  
  171  10:57  Mutalisk x2  
  177  10:58  Zergling x2  
  177  10:59  Zergling x8  
  147  11:42  Mutalisk  
  147  11:43  Mutalisk x9  
  147  11:45  Zergling x22  
  147  11:46  Zergling x30  
  147  11:47  Zergling x4  
  195  11:50  Queen  
  148  12:32  Mutalisk x2  
  148  12:33  Zergling x2, Mutalisk x4  
  148  12:34  Zergling x28  
Show
View Real Time Build Order
Export as new Build Order

Comandante Terran - Winner!

Build Orders: MMM Bio 

Get SALT Encoding   

  12  0:02  SCV  
  13  0:14  SCV  
  13  0:18  Supply Depot  
  14  0:26  SCV  
  15  0:29  Refinery  
  15  0:40  SCV  
  16  0:48  Barracks  
  16  0:52  SCV  
  17  1:03  Barracks  
  17  1:07  SCV  
  18  1:20  SCV  
  19  1:32  SCV  
  20  1:35  Barracks Tech Lab  
  20  1:47  Orbital Command  
  20  2:03  Barracks Reactor  
  20  2:10  Engineering Bay  
  20  2:12  Supply Depot  
  20  2:13  SCV  
  21  2:24  Marauder  
  21  2:26  Concussive Shells  
  23  2:33  SCV  
  24  2:39  Supply Depot  
  24  2:46  SCV  
  24  2:51  Marine x2  
  26  2:55  Marine  
  27  2:59  Command Center, SCV  
  28  3:09  Stimpack  
  28  3:13  Supply Depot  
  28  3:16  Bunker  
  28  3:17  SCV  
  29  3:23  Factory  
  29  3:29  SCV  
  30  3:38  Missile Turret  
  30  3:41  SCV  
  31  3:49  Missile Turret  
  31  3:52  Marauder, Marine x2  
  31  3:53  SCV  
  36  3:57  Supply Depot  
  36  4:05  Missile Turret  
  36  4:07  Hi-Sec Auto Tracking  
  36  4:09  Factory Tech Lab  
  36  4:15  Missile Turret  
  37  4:17  SCV  
  37  4:22  Orbital Command  
  37  4:30  SCV  
  38  4:37  Bunker  
  38  4:39  Marine x2  
  38  4:41  Marauder  
  38  4:43  SCV  
  43  4:50  SCV  
  44  4:55  SCV  
  44  4:56  Siege Tank  
  48  5:04  SCV  
  49  5:22  Refinery x2, SCV x2  
  51  5:28  Command Center  
  51  5:29  Supply Depot  
  51  5:32  Supply Depot  
  51  5:37  Supply Depot, Refinery  
  51  5:39  SCV x2  
  53  5:51  SCV  
  54  5:59  Sensor Tower x2  
  54  6:01  SCV  
  54  6:03  Marine x3, SCV  
  59  6:13  SCV  
  59  6:16  SCV  
  61  6:25  SCV  
  62  6:32  Missile Turret  
  62  6:34  Starport, Combat Shields  
  62  6:35  Barracks  
  62  6:36  Terran Infantry Weapons Level 1  
  62  6:37  Barracks  
  62  6:38  Barracks  
  62  6:39  Barracks  
  62  6:42  Armory  
  62  6:48  Orbital Command  
  62  6:54  Missile Turret, SCV  
  63  7:02  SCV  
  63  7:05  Marine x2  
  63  7:07  Marauder  
  63  7:08  SCV  
  69  7:12  Starport Reactor  
  69  7:14  SCV  
  69  7:15  Engineering Bay  
  70  7:27  Siege Tank  
  73  7:31  Marine x2  
  73  7:33  Barracks Tech Lab  
  73  7:34  Barracks Reactor  
  73  7:35  Barracks Reactor x2  
  75  7:40  Refinery  
  75  7:41  Refinery  
  75  7:49  Marauder, Marine x2  
  79  7:55  Medivac x2  
  83  8:14  Starport, Siege Tank  
  83  8:19  Barracks Reactor  
  86  8:20  Marine x6  
  86  8:21  Marine x2  
  86  8:25  Medivac x2  
  98  8:29  Terran Infantry Armor Level 1  
  98  8:53  Marauder x2, Marine x2  
  98  8:54  Marine x4  
  108  9:01  Supply Depot  
  108  9:02  Supply Depot x2  
  108  9:04  Viking  
  108  9:05  Viking  
  108  9:06  Supply Depot, Command Center  
  108  9:09  Missile Turret  
  108  9:19  Marine  
  108  9:22  Viking x2, Marine x2  
  108  9:23  Marauder, Marine x5  
  122  9:27  Marauder  
  124  9:41  Missile Turret  
  124  9:44  Marine x2  
  129  9:47  Missile Turret  
  126  9:57  Supply Depot  
  126  9:59  Supply Depot x2  
  126  10:00  Supply Depot  
  126  10:03  Supply Depot, Terran Infantry Weapons Level 2  
  126  10:05  Supply Depot  
  126  10:22  Marine  
  126  10:23  Marine x6  
  126  10:25  Orbital Command  
  126  10:26  Marine x2  
  135  10:31  Terran Ship Weapons Level 1  
  135  10:34  Terran Infantry Armor Level 2  
  135  10:46  Marine x6  
  135  10:47  Marine  
  142  11:05  Viking x4  
  150  11:15  Sensor Tower  
  140  11:40  Marine x2  
  140  11:42  Viking x4  
  149  12:12  Marauder x2, Marine x5  
  149  12:13  Marine x3  
  143  12:30  Marine  
Show
View Real Time Build Order
Export as new Build Order

totoman Terran - Winner!

Build Orders: Command Center First (CC), MMM Bio 

Get SALT Encoding   

  12  0:02  SCV  
  13  0:14  SCV  
  14  0:26  SCV  
  15  0:35  Supply Depot  
  15  0:56  SCV  
  16  1:07  Command Center  
  16  1:08  SCV  
  17  1:20  SCV  
  18  1:27  Barracks  
  18  1:28  Barracks  
  18  1:38  SCV  
  19  1:50  SCV  
  20  1:54  Supply Depot  
  20  2:02  SCV  
  21  2:14  SCV  
  22  2:27  SCV  
  22  2:28  SCV  
  22  2:29  Marine x2  
  26  2:40  Barracks  
  26  2:41  Barracks  
  26  2:46  Marine x2  
  26  2:50  SCV x2  
  30  3:02  SCV x2  
  30  3:04  Marine  
  33  3:12  Command Center  
  33  3:15  SCV x2  
  33  3:17  Marine  
  36  3:28  Marine x3  
  36  3:32  Supply Depot  
  39  3:36  Marine  
  39  3:40  Orbital Command  
  40  3:41  Supply Depot  
  40  3:42  Orbital Command  
  40  3:46  Marine x2  
  42  3:57  Refinery  
  42  3:59  Refinery x3  
  42  4:01  Marine x2  
  44  4:04  Marine  
  44  4:09  Engineering Bay  
  45  4:12  Engineering Bay  
  45  4:17  Supply Depot  
  45  4:18  Supply Depot  
  45  4:32  SCV x2  
  47  4:45  Barracks Tech Lab x2  
  47  4:47  Missile Turret, Barracks Reactor x2  
  47  4:52  Orbital Command  
  47  5:06  Terran Infantry Armor Level 1, Terran Infantry Weapons Level 1  
  47  5:09  Missile Turret  
  47  5:21  Factory  
  47  5:23  Factory  
  47  5:29  Supply Depot  
  47  5:30  Stimpack  
  47  5:36  SCV x3  
  50  5:45  Combat Shields  
  50  5:52  Supply Depot  
  50  5:53  SCV x2  
  52  5:59  Marine x2  
  52  6:01  SCV  
  52  6:02  Missile Turret  
  55  6:09  Factory Tech Lab x2  
  55  6:13  Starport  
  55  6:23  Marauder x2, Armory  
  59  6:26  SCV x2  
  59  6:28  Siege Tank  
  64  6:36  Sensor Tower, Refinery  
  64  6:38  Refinery  
  64  6:39  SCV x3  
  67  6:56  Missile Turret, Starport Reactor  
  67  6:58  Supply Depot  
  70  7:03  Concussive Shells  
  70  7:06  Marine x4  
  70  7:07  Marine x2  
  76  7:12  Supply Depot  
  76  7:22  Supply Depot  
  76  7:24  Marine x4  
  76  7:28  Thor x2  
  89  7:32  Missile Turret  
  89  7:36  Supply Depot  
  89  7:38  Missile Turret  
  89  7:41  Medivac x2  
  93  7:45  Supply Depot  
  93  7:48  Terran Infantry Weapons Level 2  
  93  7:51  Missile Turret  
  93  7:53  Terran Infantry Armor Level 2  
  93  7:57  SCV x2  
  93  7:58  SCV  
  96  8:02  Command Center  
  96  8:10  Supply Depot  
  96  8:17  Marine x2, Barracks  
  96  8:18  Marine x3  
  101  8:37  Supply Depot  
  101  8:41  Terran Vehicle Weapons Level 1  
  101  8:49  Thor  
  101  8:50  Thor  
  113  8:55  Medivac  
  113  8:56  Medivac  
  113  9:01  Supply Depot  
  117  9:14  SCV x2  
  119  9:25  Marine  
  119  9:26  Marine x6  
  119  9:28  Missile Turret  
  126  9:37  Missile Turret  
  126  9:41  Supply Depot  
  126  9:43  Supply Depot, Marine x2  
  126  9:44  Marine x3  
  131  9:47  Planetary Fortress  
  131  9:53  Refinery  
  131  9:58  Refinery  
  131  9:59  Siege Tank x2  
  137  10:02  Marine x4  
  137  10:05  Terran Infantry Weapons Level 3  
  141  10:13  Marine x3  
  144  10:20  Marine x4  
  148  10:22  Medivac  
  148  10:24  Medivac  
  152  10:31  Marine x3  
  155  10:42  Thor x2  
  164  11:02  Missile Turret x2  
  164  11:04  Missile Turret  
  164  11:06  SCV x3  
  167  11:16  Medivac  
  169  11:23  Medivac  
  169  11:24  Thor  
  176  11:46  Medivac  
  178  11:49  Marauder  
  178  11:50  Marauder  
  178  11:53  Medivac  
  154  12:11  Marauder  
  154  12:13  Marine x5  
  160  12:16  Medivac  
  161  12:23  Medivac  
  163  12:30  Marine  
  163  12:31  Marine  
  157  12:46  Marine  
  157  12:47  Marine  
Tags
 
Add a new tag
Caveats
  • Supply blocks, unpowered buildings, or Contaminate may cause inaccurate times.
  • Supply counts are checked every 10 seconds.